 Dungeon Crawl Stone Soup version 0.21.1 (webtiles) character file.

65 Mgcat the Skirmisher (level 3, 0/30 HPs)
             Began as a Mummy Fighter on Feb 4, 2018.
             Killed from afar by an orc wizard (3 damage)
             ... with a magic dart
             ... on level 3 of the Dungeon.
             The game lasted 00:04:23 (2326 turns).

Mgcat the Skirmisher (Mummy Fighter)                Turns: 2326, Time: 00:04:24

Health: 0/30       AC:  8    Str: 19    XL:     3   Next: 92%
Magic:  3/3        EV:  7    Int:  7    God:
Gold:   163        SH:  0    Dex: 12    Spells: 1/2 levels left

rFire    . . .     SeeInvis .   a - +0 long sword
rCold    + . .     Gourm    .   (no shield)
rNeg     + + +     Faith    .   j - +0 chain mail
rPois    ∞         Spirit   .   (no helmet)
rElec    .         Reflect  .   (no cloak)
rCorr    .         Harm     .   (no gloves)
MR       .....                  (no boots)
Stlth    ..........             (no amulet)
HPRegen  0.10/turn              o - ring of protection from fire
MPRegen  0.08/turn              (no ring)

@: no status effects
A: no food or potions, fire vulnerability, cold resistance 1, negative energy
resistance 3, torment resistance, unbreathing
a: no special abilities


You were on level 3 of the Dungeon.
You were not hungry.

You visited 1 branch of the dungeon, and saw 3 of its levels.

You collected 163 gold pieces.

Inventory:

Hand Weapons
 a - a +0 long sword (weapon)
Armour
 b - a +0 scale mail
 c - a +0 shield
 j - a +0 chain mail (worn)
Jewellery
 o - a ring of protection from fire (left hand)
Wands
 g - a wand of paralysis (8)
 n - a wand of acid (4)
Scrolls
 d - 2 scrolls of identify {unknown}
 e - a scroll of enchant armour {unknown}
 f - a scroll of teleportation {unknown}
 h - a scroll of amnesia {unknown}
 i - 2 scrolls of fog {unknown}
 l - a scroll of noise {unknown}
 m - a scroll of enchant weapon {unknown}
Books
 k - a book of Misfortune

   Spells                             Type                      Level
   a - Confusing Touch                Hexes                        1
   b - Confuse                        Hexes                        3
   c - Gell's Gravitas                Translocation                3
   d - Petrify                        Transmutation/Earth          4
   e - Metabolic Englaciation         Hexes/Ice                    5
   f - Yara's Violent Unravelling     Hexes/Transmutation          5


   Skills:
 + Level 3.9 Fighting
 + Level 2.6 Long Blades
 - Level 2.5 Armour
 - Level 2.5 Shields


You had one spell level left.
You knew the following spells:

 Your Spells              Type           Power        Failure   Level  Hunger
a - Confusing Touch       Hex            #.....       99%         1    N/A

Dungeon Overview and Level Annotations

Branches:
Dungeon (3/15)

Altars:
Dithmenos
Trog

Annotations:
D:3 zhorgal's ghost, amateur NaFi


Innate Abilities, Weirdness & Mutations

You do not eat or drink.
Your flesh is vulnerable to fire.
You are immune to poison.
Your flesh is cold resistant. (rC+)
You are immune to negative energy. (rN+++)
You are immune to unholy pain and torment.
You can survive without breathing.


Message History

You hear some strange, mumbled words.
A magic dart appears from out of thin air!
The magic dart hits you!
* * * LOW HITPOINT WARNING * * *
The orc barely misses you.
You hit something but do no damage. Something hits you but does no damage.
The orc barely misses you.
You can't drink.
Okay, then.
Unknown command.
You hit something but do no damage.
You hear some strange, mumbled words.
A puff of flame appears from out of thin air!
The puff of flame hits you!
* * * LOW HITPOINT WARNING * * *
The orc hits you but does no damage.
You hear some strange, mumbled words.
A magic dart appears from out of thin air!
The magic dart hits you!
You die...

### ... ..
###########
#.##.........#
#go@{.%...##.#
#.##>####.##.#
.. #†# ##.##.#
## #.# #..##.#
#.# #.###.#
#.# #.# #.#
#.# #.###.#
#.##.#.##.#
#.#.###.#.#


You could see an orc and a hobgoblin.

Vanquished Creatures
  2 adders (D:2)
  An ooze (D:2)
  A worm (D:2)
  A dart slug (D:1)
  3 leopard geckos (D:2)
  An orc (D:3)
  3 bats
  2 giant cockroaches
  A goblin (D:1)
  7 hobgoblins
  A quokka (D:2)
  4 frilled lizards
  4 kobolds
  4 rats
  A fungus (D:2)
36 creatures vanquished.

Notes
Turn   | Place    | Note
-------+----------+-------------------------------------------
     0 | D:1      | Mgcat the Mummy Fighter began the quest for the Orb.
     0 | D:1      | Reached XP level 1. HP: 18/18 MP: 1/1
   555 | D:1      | Reached XP level 2. HP: 22/24 MP: 2/2
   917 | D:2      | HP: 1/24 [worm (2)]
   918 | D:2      | Reached XP level 3. HP: 1/29 MP: 3/3
  1454 | D:2      | Found a shadowy altar of Dithmenos.
  1961 | D:3      | Learned a level 1 spell: Confusing Touch
  2097 | D:3      | Found a bloodstained altar of Trog.
  2097 | D:3      | Noticed zhorgal's ghost (amateur NaFi)
  2326 | D:3      | Killed from afar by an orc wizard

Skill      XL: |  1  2 |
---------------+-------+-----
Long Blades    | 2 |  2.6
Fighting       | |  3.9
Armour         | |  2.5
Shields        | |  2.5

Action                   || total
-------------------------++-------
Melee: Long sword        ||   139
Armor: Scale mail        ||    50
       Chain mail        ||    26
Dodge: Dodged            ||    67
Block: Shield            ||    19
       Rpst.: Long sword ||    22
